TOP OF THE 1ST |
Princeton Rays batting - Pitching for Elizabethton Twins : LHP Yeijiro Kimura
|
Pitching: LHP Yeijiro Kimura
|
|
Batting: SHB Joshua Jackson
|
0-0: Ball 1-0: Ball 2-0: Ball 3-0: Called Strike 3-1: Ground out 6-3 (Groundball, 56, EV 85.0 MPH)
|
Batting: LHB Jonathan Spino
|
0-0: Called Strike 0-1: Ball 1-1: Foul Ball, location: 2F 1-2: Foul Ball, location: 2F 1-2: Ball 2-2: Ball 3-2: Fly out, F9 (Flyball, 9, EV 86.9 MPH)
|
Batting: LHB Oscar Curiel
|
0-0: Ball 1-0: Ground out 4-3 (Groundball, 4, EV 80.6 MPH)
|
Top of the 1st over - 0 runs, 0 hits, 0 errors, 0 left on base; Princeton 0 - Elizabethton 0 |
BOTTOM OF THE 1ST |
Elizabethton Twins batting - Pitching for Princeton Rays : RHP Ryan Van Riper
|
Pitching: RHP Ryan Van Riper
|
|
Batting: RHB David McDonald
|
0-0: Fly out, F8 (Flyball, 8LM, EV 83.8 MPH)
|
Batting: RHB Kevin Harris
|
0-0: Called Strike 0-1: SINGLE (Groundball, 56D, EV 95.0 MPH)
|
Batting: LHB Marshall Daul
|
0-0: Ball 1-0: Called Strike 1-1: Called Strike Kevin Harris is caught stealing 2nd base 2-6 1-2: Ball 2-2: Fly out, F6 (Popup, 6M, EV 74.4 MPH)
|
Bottom of the 1st over - 0 runs, 1 hit, 0 errors, 0 left on base; Princeton 0 - Elizabethton 0 |
TOP OF THE 2ND |
Princeton Rays batting - Pitching for Elizabethton Twins : LHP Yeijiro Kimura
|
Batting: LHB Rich Matthews
|
0-0: Called Strike 0-1: Fly out, F8 (Flyball, 89S, EV 95.6 MPH)
|
Batting: RHB John Downing
|
0-0: Ball 1-0: Called Strike 1-1: Ball 2-1: Ball 3-1: Base on Balls
|
Batting: RHB Roberto Aispuro
|
0-0: Ball 1-0: Foul Ball, location: 2F 1-1: Ground out 6-3 (Groundball, 6, EV 81.9 MPH) John Downing to second
|
Batting: RHB Jim Erdody
|
0-0: Called Strike 0-1: Swinging Strike 0-2: Ball 1-2: Ball 2-2: Ball 3-2: Strikes out looking
|
Top of the 2nd over - 0 runs, 0 hits, 0 errors, 1 left on base; Princeton 0 - Elizabethton 0 |
BOTTOM OF THE 2ND |
Elizabethton Twins batting - Pitching for Princeton Rays : RHP Ryan Van Riper
|
Batting: RHB Nate Matson
|
0-0: Called Strike 0-1: Ball 1-1: Ball 2-1: Ball 3-1: Fly out, F3 (Popup, 3SF, EV 78.8 MPH)
|
Batting: RHB Steve Terrell
|
0-0: Ball 1-0: Called Strike 1-1: Called Strike 1-2: Fly out, F8 (Line Drive, 89M, EV 105.0 MPH)
|
Batting: LHB David Ramos
|
0-0: Ball 1-0: Ball 2-0: Ground out 3-1 (Groundball, 34, EV 105.6 MPH)
|
Bottom of the 2nd over - 0 runs, 0 hits, 0 errors, 0 left on base; Princeton 0 - Elizabethton 0 |
TOP OF THE 3RD |
Princeton Rays batting - Pitching for Elizabethton Twins : LHP Yeijiro Kimura
|
Batting: RHB Bobby Ross
|
0-0: Called Strike 0-1: Called Strike 0-2: Ball 1-2: Ground out 4-3 (Groundball, 4, EV 78.1 MPH)
|
Batting: LHB Sean Banks
|
0-0: Ground out U3 (Groundball, 3, EV 85.6 MPH)
|
Batting: SHB Joshua Jackson
|
0-0: Ball 1-0: Foul Ball, location: 2F 1-1: Called Strike 1-2: Foul Ball, location: 2F 1-2: Foul Ball, location: 2F 1-2: Ball 2-2: Ball 3-2: Foul Ball, location: 2F 3-2: Base on Balls
|
Batting: LHB Jonathan Spino
|
0-0: Called Strike 0-1: Fly out, F4 (Line Drive, 4, EV 71.2 MPH)
|
Top of the 3rd over - 0 runs, 0 hits, 0 errors, 1 left on base; Princeton 0 - Elizabethton 0 |
BOTTOM OF THE 3RD |
Elizabethton Twins batting - Pitching for Princeton Rays : RHP Ryan Van Riper
|
Batting: RHB Sergio Gomez
|
0-0: Called Strike 0-1: Called Strike 0-2: Ball 1-2: Ball 2-2: Foul Ball, location: 2F 2-2: Ball 3-2: Foul Ball, location: 2F 3-2: Ground out 5-3 (Groundball, 5, EV 88.1 MPH)
|
Batting: RHB Jorge Corte
|
0-0: Called Strike 0-1: Swinging Strike 0-2: Strikes out looking
|
Batting: LHB Jon Ventura
|
0-0: Ball 1-0: Ball 2-0: Swinging Strike 2-1: Ball 3-1: Foul Ball, location: 2F 3-2: Base on Balls
|
Batting: RHB David McDonald
|
0-0: Called Strike Jon Ventura steals 2nd base 0-1: Ball 1-1: Ball 2-1: Foul Ball, location: 2F 2-2: Foul Ball, location: 2F 2-2: Strikes out looking
|
Bottom of the 3rd over - 0 runs, 0 hits, 0 errors, 1 left on base; Princeton 0 - Elizabethton 0 |
TOP OF THE 4TH |
Princeton Rays batting - Pitching for Elizabethton Twins : LHP Yeijiro Kimura
|
Batting: LHB Oscar Curiel
|
0-0: Ball 1-0: SOLO HOME RUN (Line Drive, 9D, EV 100.0 MPH), Distance : 387 ft
|
Batting: LHB Rich Matthews
|
0-0: Called Strike 0-1: Called Strike 0-2: Ball 1-2: Foul Ball, location: 2F 1-2: Ball 2-2: Ball 3-2: Fly out, F5 (Popup, 6S, EV 65.0 MPH)
|
Batting: RHB John Downing
|
0-0: Ball 1-0: Swinging Strike 1-1: Called Strike 1-2: Ball 2-2: Foul Ball, location: 2F 2-2: Ground out 6-3 (Groundball, 56, EV 103.1 MPH)
|
Batting: RHB Roberto Aispuro
|
0-0: Ball 1-0: Foul Ball, location: 2F 1-1: SINGLE (Line Drive, 78S, EV 100.6 MPH)
|
Batting: RHB Jim Erdody
|
0-0: Ball 1-0: SINGLE (Groundball, 56D, EV 105.0 MPH) Roberto Aispuro to second
|
Batting: RHB Bobby Ross
|
0-0: Called Strike 0-1: Called Strike 0-2: Ball 1-2: Strikes out looking
|
Top of the 4th over - 1 run, 3 hits, 0 errors, 2 left on base; Princeton 1 - Elizabethton 0 |
BOTTOM OF THE 4TH |
Elizabethton Twins batting - Pitching for Princeton Rays : RHP Ryan Van Riper
|
Batting: RHB Kevin Harris
|
0-0: Called Strike 0-1: Hit by Pitch
|
Batting: LHB Marshall Daul
|
0-0: Ball 1-0: Ball Kevin Harris steals 2nd base 2-0: Ball 3-0: Called Strike 3-1: Foul Ball, location: 2F 3-2: SINGLE (Line Drive, 56D, EV 95.6 MPH) Kevin Harris to third
|
Batting: RHB Nate Matson
|
0-0: Ball 1-0: Ball 2-0: Ball 3-0: Base on Balls Marshall Daul to second
|
Batting: RHB Steve Terrell
|
0-0: Ball 1-0: Called Strike 1-1: Foul Ball, location: 2F 1-2: DOUBLE (Line Drive, 7LM, EV 100.0 MPH) Kevin Harris scores Marshall Daul scores Nate Matson to third
|
Batting: LHB David Ramos
|
0-0: Called Strike 0-1: Ground out 4-3 (Groundball, 34, EV 83.1 MPH) Nate Matson scores Steve Terrell to third
|
Batting: RHB Sergio Gomez
|
0-0: Foul Ball, location: 2F 0-1: Ball 1-1: 2-RUN HOME RUN (Flyball, 7D, EV 103.1 MPH), Distance : 385 ft
|
Pitching: RHP Tim Inman
|
|
Batting: RHB Jorge Corte
|
0-0: Called Strike 0-1: Called Strike 0-2: Ball 1-2: Ball 2-2: Ball 3-2: Ground out 4-3 (Groundball, 4S, EV 70.6 MPH)
|
Batting: LHB Jon Ventura
|
0-0: SOLO HOME RUN (Line Drive, 7D, EV 105.6 MPH), Distance : 384 ft
|
Batting: RHB David McDonald
|
0-0: Foul Ball, location: 2F 0-1: Ground out 6-3 (Groundball, 6S, EV 70.6 MPH)
|
Bottom of the 4th over - 6 runs, 4 hits, 0 errors, 0 left on base; Princeton 1 - Elizabethton 6 |
TOP OF THE 5TH |
Princeton Rays batting - Pitching for Elizabethton Twins : LHP Yeijiro Kimura
|
Batting: LHB Sean Banks
|
0-0: Called Strike 0-1: Ball 1-1: Ground out 4-3 (Groundball, 4M, EV 101.2 MPH)
|
Batting: SHB Joshua Jackson
|
0-0: Called Strike 0-1: SOLO HOME RUN (Flyball, 7D, EV 98.1 MPH), Distance : 375 ft
|
Batting: LHB Jonathan Spino
|
0-0: Ball 1-0: Foul Ball, location: 2F 1-1: Swinging Strike 1-2: Ball 2-2: Ball 3-2: Foul Ball, location: 2F 3-2: Foul Ball, location: 2F 3-2: Foul Ball, location: 2F 3-2: Base on Balls
|
Batting: LHB Oscar Curiel
|
0-0: Ball 1-0: Ball Jonathan Spino is caught stealing 2nd base 2-6 2-0: Ball 3-0: Base on Balls
|
Batting: LHB Rich Matthews
|
0-0: Foul Ball, location: 2F 0-1: Ground out 4-3 (Groundball, 4, EV 100.6 MPH)
|
Top of the 5th over - 1 run, 1 hit, 0 errors, 1 left on base; Princeton 2 - Elizabethton 6 |
BOTTOM OF THE 5TH |
Elizabethton Twins batting - Pitching for Princeton Rays : RHP Tim Inman
|
Batting: RHB Kevin Harris
|
0-0: Ground out 4-3 (Groundball, 4S, EV 63.8 MPH)
|
Batting: LHB Marshall Daul
|
0-0: Ball 1-0: Ball 2-0: Called Strike 2-1: Ball 3-1: Base on Balls
|
Batting: RHB Nate Matson
|
0-0: Ball Marshall Daul steals 2nd base (no throw) 1-0: Called Strike 1-1: Swinging Strike 1-2: Foul Ball, location: 2F 1-2: Foul Ball, location: 2F 1-2: Strikes out swinging
|
Batting: RHB Steve Terrell
|
0-0: Called Strike 0-1: Foul Ball, location: 2F 0-2: Foul Ball, location: 2F 0-2: Foul Ball, location: 2F 0-2: Ball 1-2: Strikes out looking
|
Bottom of the 5th over - 0 runs, 0 hits, 0 errors, 1 left on base; Princeton 2 - Elizabethton 6 |
TOP OF THE 6TH |
Princeton Rays batting - Pitching for Elizabethton Twins : LHP Yeijiro Kimura
|
Batting: RHB John Downing
|
0-0: Fly out, F9 (Line Drive, 9D, EV 89.4 MPH)
|
Batting: RHB Roberto Aispuro
|
0-0: Ball 1-0: Ball 2-0: Called Strike 2-1: Ground out 1-3 (Groundball, 13S, EV 70.6 MPH)
|
Batting: RHB Jim Erdody
|
0-0: Foul Ball, location: 2F 0-1: Ground out 6-3 (Groundball, 6D, EV 103.8 MPH)
|
Top of the 6th over - 0 runs, 0 hits, 0 errors, 0 left on base; Princeton 2 - Elizabethton 6 |
BOTTOM OF THE 6TH |
Elizabethton Twins batting - Pitching for Princeton Rays : RHP Tim Inman
|
Batting: LHB David Ramos
|
0-0: Ball 1-0: Ball 2-0: Ball 3-0: Called Strike 3-1: Called Strike 3-2: Ground out 4-3 (Groundball, 4S, EV 82.5 MPH)
|
Batting: RHB Sergio Gomez
|
0-0: Ball 1-0: Ground out 6-3 (Groundball, 6, EV 79.4 MPH)
|
Batting: RHB Jorge Corte
|
0-0: Called Strike 0-1: Ground out 5-3 (Groundball, 5, EV 79.4 MPH)
|
Bottom of the 6th over - 0 runs, 0 hits, 0 errors, 0 left on base; Princeton 2 - Elizabethton 6 |
TOP OF THE 7TH |
Princeton Rays batting - Pitching for Elizabethton Twins : LHP Yeijiro Kimura
|
Batting: RHB Bobby Ross
|
0-0: Ball 1-0: Ball 2-0: Ball 3-0: Base on Balls
|
Pitching: LHP Mike Horton
|
|
Batting: LHB Sean Banks
|
0-0: Ball 1-0: Called Strike 1-1: Called Strike 1-2: Strikes out looking
|
Batting: SHB Joshua Jackson
|
0-0: Called Strike 0-1: Ball 1-1: Foul Ball, location: 2F 1-2: Ball 2-2: Ball 3-2: Foul Ball, location: 2F 3-2: SINGLE (Groundball, 25, EV 73.1 MPH) (infield hit) Bobby Ross to second
|
Batting: LHB Jonathan Spino
|
0-0: Swinging Strike 0-1: Called Strike 0-2: Strikes out swinging
|
Batting: LHB Oscar Curiel
|
0-0: Ball 1-0: Ground out U3 (Groundball, 3, EV 85.6 MPH)
|
Top of the 7th over - 0 runs, 1 hit, 0 errors, 2 left on base; Princeton 2 - Elizabethton 6 |
BOTTOM OF THE 7TH |
Elizabethton Twins batting - Pitching for Princeton Rays : RHP Tim Inman
|
Pitching: RHP David Silguero
|
|
Batting: LHB Jon Ventura
|
0-0: Ball 1-0: Called Strike 1-1: Called Strike 1-2: Foul Ball, location: 2F 1-2: Strikes out swinging
|
Pitching: RHP Federico Jimenez
|
|
Batting: RHB David McDonald
|
0-0: Ball 1-0: Ground out 4-3 (Groundball, 4, EV 86.2 MPH)
|
Batting: RHB Kevin Harris
|
0-0: Ball 1-0: SINGLE (Line Drive, 6MD, EV 105.0 MPH)
|
Batting: LHB Marshall Daul
|
0-0: Called Strike 0-1: Ball 1-1: Foul Ball, location: 2F 1-2: Ball Kevin Harris is caught stealing 2nd base 2-6
|
Bottom of the 7th over - 0 runs, 1 hit, 0 errors, 0 left on base; Princeton 2 - Elizabethton 6 |
TOP OF THE 8TH |
Princeton Rays batting - Pitching for Elizabethton Twins : LHP Mike Horton
|
Batting: LHB Rich Matthews
|
0-0: Called Strike 0-1: Ball 1-1: Foul Ball, location: 2F 1-2: Ground out 4-3 (Groundball, 4, EV 83.1 MPH)
|
Batting: RHB John Downing
|
0-0: Ball 1-0: Ground out 6-3 (Groundball, 6, EV 85.0 MPH)
|
Batting: RHB Roberto Aispuro
|
0-0: Ball 1-0: Foul Ball, location: 2F 1-1: Foul Ball, location: 2F 1-2: Strikes out swinging
|
Top of the 8th over - 0 runs, 0 hits, 0 errors, 0 left on base; Princeton 2 - Elizabethton 6 |
BOTTOM OF THE 8TH |
Elizabethton Twins batting - Pitching for Princeton Rays : RHP Federico Jimenez
|
Batting: LHB Marshall Daul
|
0-0: Called Strike 0-1: Ball 1-1: Called Strike 1-2: Ball 2-2: Ground out 4-3 (Groundball, 4, EV 89.4 MPH)
|
Batting: RHB Nate Matson
|
0-0: Foul Ball, location: 2F 0-1: Ball 1-1: SOLO HOME RUN (Flyball, 89XD, EV 100.6 MPH), Distance : 403 ft
|
Batting: RHB Steve Terrell
|
0-0: Foul Ball, location: 2F 0-1: Ball 1-1: Ball 2-1: Ball 3-1: SINGLE (Line Drive, 4MD, EV 95.6 MPH)
|
Batting: LHB David Ramos
|
0-0: Ball 1-0: Called Strike Steve Terrell is caught stealing 2nd base 2-6 1-1: SINGLE (Groundball, 3S, EV 65.6 MPH) (infield hit)
|
Batting: RHB Sergio Gomez
|
0-0: Ball 1-0: Swinging Strike 1-1: Swinging Strike 1-2: Ball 2-2: Fly out, F9 (Line Drive, 9D, EV 92.5 MPH)
|
Bottom of the 8th over - 1 run, 3 hits, 0 errors, 1 left on base; Princeton 2 - Elizabethton 7 |
TOP OF THE 9TH |
Princeton Rays batting - Pitching for Elizabethton Twins : LHP Mike Horton
|
Batting: RHB Jim Erdody
|
0-0: Ball 1-0: Ball 2-0: Ball 3-0: Base on Balls
|
Pitching: LHP Bryan Rouse
|
|
Batting: RHB Bobby Ross
|
0-0: Ball 1-0: Ball 2-0: Called Strike 2-1: Ball 3-1: Base on Balls Jim Erdody to second
|
Pinch Hitting: RHB Alex Diaz
|
0-0: Foul Ball, location: 2F 0-1: Called Strike 0-2: Foul Ball, location: 2F 0-2: Ball 1-2: Ball 2-2: Foul Ball, location: 2F 2-2: Foul Ball, location: 2F 2-2: Ball 3-2: 3-RUN HOME RUN (Flyball, 78XD, EV 105.0 MPH), Distance : 407 ft
|
Batting: SHB Joshua Jackson
|
0-0: Foul Ball, location: 2F 0-1: SOLO HOME RUN (Flyball, 8LXD, EV 110.6 MPH), Distance : 453 ft
|
Pitching: RHP Takeshi Kusanagi
|
|
Batting: LHB Jonathan Spino
|
0-0: Called Strike 0-1: Foul Ball, location: 2F 0-2: Ground out U3 (Groundball, 3, EV 91.9 MPH)
|
Batting: LHB Oscar Curiel
|
0-0: Called Strike 0-1: Ball 1-1: Ball 2-1: Ball 3-1: Base on Balls
|
Batting: LHB Rich Matthews
|
0-0: Ball 1-0: Ball 2-0: Ball 3-0: Called Strike 3-1: SINGLE (Groundball, 4MS, EV 63.1 MPH) (infield hit) Oscar Curiel to second
|
Pinch Runner at 2nd Berthold Frey:
|
|
Pinch Hitting: SHB Ray Luna
|
0-0: DOUBLE (Flyball, 8LXD, EV 101.9 MPH) Berthold Frey scores Rich Matthews to third Runner from 3rd tries for Home, SAFE, throw by CF to home
|
Batting: RHB Roberto Aispuro
|
0-0: Called Strike 0-1: Ball 1-1: Ball 2-1: Foul Ball, location: 2F 2-2: Foul Ball, location: 2F 2-2: Foul Ball, location: 2F 2-2: Ball 3-2: Foul Ball, location: 2F 3-2: Base on Balls
|
Pitching: RHP Miguel Montelongo
|
|
Pinch Hitting: LHB Dave Northam
|
0-0: Called Strike 0-1: Ball 1-1: SINGLE (Groundball, 56D, EV 96.2 MPH) Ray Luna to third Roberto Aispuro to second
|
Batting: RHB Bobby Ross
|
0-0: Called Strike 0-1: Ball 1-1: Ball 2-1: Swinging Strike 2-2: Ball 3-2: Fly out, F7 (Flyball, 7LM, EV 90.6 MPH) Runner from 3rd tags up, SCORES, throw by LF
|
Batting: RHB Alex Diaz
|
0-0: Called Strike 0-1: Foul Ball, location: 2F 0-2: Strikes out swinging
|
Top of the 9th over - 7 runs, 5 hits, 0 errors, 2 left on base; Princeton 9 - Elizabethton 7 |
BOTTOM OF THE 9TH |
Elizabethton Twins batting - Pitching for Princeton Rays : RHP Federico Jimenez
|
Pitching: RHP David Espinosa
|
|
Now at 1B: Dave Northam
|
|
Now at 2B: Gabe Higley
|
|
Now at 3B: Zach Rose
|
|
Batting: RHB Jorge Corte
|
0-0: Called Strike 0-1: Ball 1-1: Ball 2-1: Ball 3-1: Foul Ball, location: 2F 3-2: Foul Ball, location: 2F 3-2: Base on Balls
|
Batting: LHB Jon Ventura
|
0-0: Swinging Strike 0-1: Ball 1-1: Ball 2-1: Foul Ball, location: 2F 2-2: Strikes out swinging
|
Pinch Hitting: LHB Hector Olvera
|
0-0: Called Strike 0-1: Called Strike 0-2: Ball 1-2: Ball 2-2: Ball 3-2: Fielders Choice at 2nd, 6-4 (Groundball, 6M, EV 84.4 MPH)
|
Batting: RHB Kevin Harris
|
0-0: Ball 1-0: Called Strike 1-1: Foul Ball, location: 2F 1-2: Ball 2-2: Strikes out looking
|
Bottom of the 9th over - 0 runs, 0 hits, 0 errors, 1 left on base; Princeton 9 - Elizabethton 7 |
|